[Event "December 5 Late 2023"]
[Site "https://www.chess.com"]
[Date "2023.12.05"]
[Round "10"]
[White "Titus, Andrew"]
[Black "DCacheiro"]
[Result "0-1"]
[Board "37"]
[TimeControl "180+1"]
[WhiteFideId "2059770"]
[WhiteElo "2601"]
[BlackElo "2524"]
[WhiteTeam "USA"]
[WhiteClock "0:01:15"]
[BlackClock "0:00:17"]

1. e4 c5 2. Nf3 d6 3. d4 cxd4 4. Nxd4 Nf6 5. Nc3 a6 6. h3 e5 7. Nde2 h5 8. g3 Be7 9. Bg2 b5 10. Bg5 Nbd7 11. O-O b4 12. Nd5 Nxd5 13. Qxd5 Rb8 14. Bxe7 Qxe7 15. Rad1 Rb6 16. f4 Nf6 17. Qa5 Rb5 18. Qa4 Qa7+ 19. Kh1 Bg4 20. c4 Bxe2 21. cxb5 Bxb5 22. Qxb4 Bxf1 23. Bxf1 O-O 24. Rxd6 Qf2 25. Bg2 exf4 26. gxf4 Qxf4 27. Qd2 Qe5 28. Rd8 Rxd8 29. Qxd8+ Kh7 30. Qd2 Nxe4 31. Qd3 f5 32. Bxe4 Qxe4+ 33. Qxe4 fxe4 34. Kg2 Kg6 35. Kf2 Kf5 36. Ke3 Ke5 37. b4 g5 38. a4 g4 39. hxg4 hxg4 40. b5 axb5 41. axb5 g3 42. b6 Kd6 43. Kxe4 g2 44. b7 Kc7 45. Kf3 g1=Q 46. b8=Q+ Kxb8 47. Ke2 Qd4 48. Kf3 Qe5 49. Kg4 Qf6 50. Kh3 Qg5 51. Kh2 Kc7 52. Kh1 Kd6 53. Kh2 Ke5 54. Kh1 Kf4 55. Kh2 Kf3 56. Kh1 Qg2# 0-1

[Event "December 5 Late 2023"]
[Site "https://www.chess.com"]
[Date "2023.12.05"]
[Round "10"]
[White "Bjelobrk, Igor"]
[Black "yaguigor"]
[Result "1-0"]
[Board "38"]
[TimeControl "180+1"]
[WhiteFideId "4300726"]
[WhiteElo "2587"]
[BlackElo "2424"]
[WhiteTeam "AUS"]
[WhiteClock "0:00:09"]
[BlackClock "0:00:15"]

1. d4 d5 2. c4 c6 3. Nf3 Nf6 4. Qc2 dxc4 5. e4 b5 6. b3 cxb3 7. axb3 e6 8. Bd3 a5 9. O-O Bb7 10. Nc3 Na6 11. Qe2 Nb4 12. Bb1 Be7 13. Bb2 h6 14. Rd1 Qb6 15. Rc1 Rc8 16. e5 Nd7 17. h4 Nd5 18. Nxd5 cxd5 19. Rxc8+ Bxc8 20. Bd3 b4 21. Qe3 Ba6 22. Bc2 O-O 23. Qf4 Rc8 24. Bb1 Be2 25. Nd2 Bh5 26. g4 Bg6 27. Bxg6 fxg6 28. Nf3 Rc2 29. Bc1 Qb5 30. Be3 Bd8 31. g5 h5 32. Kg2 Rc3 33. Nd2 Qe2 34. Qf3 Qxf3+ 35. Kxf3 Nb8 36. Ke2 Kf7 37. Rb1 Ke8 38. Rb2 Kd7 39. Nb1 Rc8 40. Kd3 Bb6 41. Rc2 Rf8 42. Nd2 Nc6 43. f4 Ra8 44. Ra2 Kc7 45. Nf3 Kb7 46. Bd2 Ka6 47. Ra1 Kb5 48. Ra4 Rc8 49. Be3 Ne7 50. Bd2 Nf5 51. Ra1 Rc7 52. Ra2 Ra7 53. Ra4 Ne7 54. Be1 Nc8 55. Bd2 Bc7 56. Be3 Nb6 57. Ra1 a4 58. Nd2 Ra8 59. Rc1 a3 60. Ra1 Kc6 61. Nf3 Nc8 62. Bd2 Ba5 63. Ra2 Kb7 64. Be3 Ne7 65. Bd2 Nc6 66. Be1 Kb6 67. Bd2 Ra6 68. Be1 Na7 69. Bd2 Nb5 70. Kc2 Ra8 71. Kd3 Rc8 72. Ne1 Nc3 73. Ra1 Ne4 74. Nc2 Nxd2 75. Kxd2 Rc3 76. Rb1 Kb5 77. Ne3 a2 78. Ra1 Rxb3 79. Rxa2 Ra3 80. Rb2 b3+ 81. Kd3 Kb4 82. Nc2+ Ka4 83. Nxa3 Kxa3 84. Rb1 Ka2 85. Rd1 b2 86. Kc2 Bb4 87. Rf1 Ba3 88. Rb1 Be7 89. Rxb2+ Ka3 90. Rb7 1-0

[Event "December 5 Late 2023"]
[Site "https://www.chess.com"]
[Date "2023.12.05"]
[Round "10"]
[White "Wanyama, Harold"]
[Black "Tari, Aryan"]
[Result "0-1"]
[Board "39"]
[TimeControl "180+1"]
[WhiteFideId "10000380"]
[BlackFideId "1510045"]
[WhiteElo "2496"]
[BlackElo "2981"]
[WhiteTeam "UGA"]
[BlackTeam "NOR"]
[WhiteClock "0:00:00"]
[BlackClock "0:00:06"]

1. d4 Nf6 2. c4 e6 3. g3 d5 4. Bg2 h6 5. Nf3 Bd6 6. Nbd2 O-O 7. Qc2 b6 8. e4 Be7 9. e5 Nfd7 10. cxd5 exd5 11. O-O c5 12. Re1 Nc6 13. Nb3 c4 14. Nbd2 Nb4 15. Qb1 Nd3 16. Rd1 Nb8 17. Nf1 Nc6 18. Ne3 Be6 19. b3 b5 20. Bd2 Rb8 21. Bf1 f6 22. Bxd3 cxd3 23. Qxd3 fxe5 24. Nxe5 Nxe5 25. dxe5 d4 26. Ng2 Bg4 27. Re1 Bf5 28. Qf1 g5 29. Rac1 Qd5 30. Rc7 Bd8 31. Rxa7 Bb6 32. Ra6 Bh3 33. e6 Bxe6 34. Qd3 Bf5 35. Qe2 d3 36. Qh5 Bxf2+ 37. Kh1 Rb6 38. Rxb6 Bxb6 39. Qxh6 Bd4 40. Re7 Be4 41. h4 Rf1+ 42. Kh2 Bg1+ 43. Kh3 Qf5+ 0-1

[Event "December 5 Late 2023"]
[Site "https://www.chess.com"]
[Date "2023.12.05"]
[Round "10"]
[White "Lin, Bryan Enming"]
[Black "Bardyk, Artem"]
[Result "0-1"]
[Board "40"]
[TimeControl "180+1"]
[WhiteFideId "30987121"]
[BlackFideId "34349979"]
[WhiteElo "2519"]
[BlackElo "2838"]
[WhiteTeam "USA"]
[BlackTeam "RUS"]
[WhiteClock "0:00:01"]
[BlackClock "0:00:08"]

1. e4 e5 2. Nf3 Nc6 3. Nc3 Nf6 4. a3 Bc5 5. Nxe5 O-O 6. Nxc6 dxc6 7. h3 Qd4 8. Qf3 Be6 9. d3 Nd7 10. Be3 Qe5 11. Bxc5 Qxc5 12. Be2 f5 13. Qe3 Qd6 14. O-O-O f4 15. Qd2 b5 16. d4 a6 17. e5 Qe7 18. Bf3 Rab8 19. Bxc6 b4 20. Bxd7 Qxd7 21. axb4 Rxb4 22. d5 Bf5 23. Rhe1 Rfb8 24. b3 a5 25. d6 a4 26. dxc7 Qxc7 27. Qd5+ Kh8 28. Qd6 Qc8 29. bxa4 h6 30. Rd3 Bxd3 31. Qxd3 Rc4 32. Nd5 Rxa4 33. e6 Ra1+ 34. Kd2 Rxe1 35. Kxe1 Qxe6+ 36. Kd2 Rb1 37. Kc3 Qe1+ 38. Qd2 Qe5+ 39. Qd4 Qe1+ 40. Qd2 Qe8 41. Nxf4 Qc6+ 42. Kd4 Rb5 43. Ke3 Re5+ 44. Kd4 Re4+ 45. Kd3 Qc4# 0-1

[Event "December 5 Late 2023"]
[Site "https://www.chess.com"]
[Date "2023.12.05"]
[Round "10"]
[White "Mekhitarian, Krikor Sevag"]
[Black "Rogov, Matfey"]
[Result "0-1"]
[Board "41"]
[TimeControl "180+1"]
[WhiteFideId "2107660"]
[BlackFideId "44191308"]
[WhiteElo "2816"]
[BlackElo "2517"]
[WhiteTeam "BRA"]
[BlackTeam "RUS"]
[WhiteClock "0:00:00"]
[BlackClock "0:00:04"]

1. Nf3 d5 2. c4 e6 3. d4 Nf6 4. cxd5 exd5 5. Nc3 Bb4 6. Bf4 c6 7. e3 Bf5 8. Qb3 a5 9. a3 Bxc3+ 10. bxc3 b5 11. a4 bxa4 12. Qa3 Nbd7 13. Be2 Ne4 14. O-O Qe7 15. c4 Qxa3 16. Rxa3 f6 17. h3 h5 18. Rc1 g5 19. Bh2 g4 20. Nh4 Be6 21. Ng6 Rg8 22. Nf4 gxh3 23. Bxh5+ Ke7 24. g3 Nb6 25. c5 Nc4 26. Rxa4 Rgb8 27. Be2 Rb4 28. Ra2 a4 29. g4 a3 30. f3 Ned2 31. Kf2 Rb2 32. Rca1 Nb3 33. Nd3 Nxa1 34. Rxa1 Rd2 35. Nb4 Bd7 36. Ke1 Rb2 37. Nd3 Rc2 38. Nb4 Rb2 39. Nd3 Rb3 40. Ra2 Rb1+ 41. Kf2 Nb2 42. Nf4 Nd1+ 43. Kg3 Nc3 0-1

[Event "December 5 Late 2023"]
[Site "https://www.chess.com"]
[Date "2023.12.05"]
[Round "10"]
[White "Yuan, Qingyu"]
[Black "Ferreira, Vitor Hugo Vieira"]
[Result "0-1"]
[Board "42"]
[TimeControl "180+1"]
[WhiteFideId "8609772"]
[BlackFideId "2119765"]
[WhiteElo "2794"]
[BlackElo "2513"]
[WhiteTeam "CHN"]
[BlackTeam "BRA"]
[WhiteClock "0:00:00"]
[BlackClock "0:00:09"]

1. Nf3 d5 2. b3 Bf5 3. Bb2 e6 4. e3 Nf6 5. Bd3 Bg6 6. Ne5 Nbd7 7. Nxg6 hxg6 8. Be2 Bd6 9. h3 g5 10. d3 Qe7 11. a3 e5 12. Nd2 O-O-O 13. b4 Kb8 14. c4 c6 15. Qc2 g4 16. O-O-O gxh3 17. gxh3 a5 18. c5 Bc7 19. Qa4 axb4 20. axb4 d4 21. Kc2 dxe3 22. Ra1 Kc8 23. fxe3 Nd5 24. Nc4 e4 25. Qa8+ Nb8 26. Bg4+ Rd7 27. d4 g6 28. Ra7 f5 29. Qxb7+ Kd8 30. Ra8 Ke8 31. Rxb8+ Bxb8 32. Qxb8+ Rd8 33. Qg3 fxg4 34. Qxg4 Nxb4+ 35. Kb3 Nd3 36. Qxg6+ Qf7 37. Qxf7+ Kxf7 38. Bc3 Ke6 39. Nb6 Nf2 40. Rh2 Rhf8 41. h4 Ng4 42. Re2 Kf5 43. Nc4 Nf6 44. Nd6+ Kg4 45. Rf2 Nd5 46. Rxf8 Rxf8 47. Nxe4 Nxe3 48. Ng5 Kxh4 49. Ne6 Rf3 0-1

[Event "December 5 Late 2023"]
[Site "https://www.chess.com"]
[Date "2023.12.05"]
[Round "10"]
[White "Bold, Andre"]
[Black "Slugin, Sergey"]
[Result "1-0"]
[Board "43"]
[TimeControl "180+1"]
[WhiteFideId "16208471"]
[BlackFideId "4122569"]
[WhiteElo "2511"]
[BlackElo "2711"]
[WhiteTeam "GER"]
[BlackTeam "RUS"]
[WhiteClock "0:00:50"]
[BlackClock "0:00:02"]

1. Nf3 d5 2. e3 Nf6 3. b3 Bg4 4. h3 Bh5 5. Be2 e6 6. Bb2 Nbd7 7. Ne5 Bxe2 8. Qxe2 Bd6 9. Nxd7 Qxd7 10. d3 e5 11. Nd2 c6 12. c4 Qe7 13. cxd5 cxd5 14. Rc1 O-O 15. O-O Rac8 16. e4 dxe4 17. dxe4 Ba3 18. Bxa3 Qxa3 19. Rxc8 Rxc8 20. Nc4 Qc5 21. Rd1 h6 22. a4 b6 23. Kh2 Qc7 24. Qd3 Qc6 25. f3 Qc5 26. Qd6 Qxd6 27. Rxd6 Rc5 28. Rd8+ Kh7 29. Ra8 b5 30. axb5 Rxb5 31. Rxa7 Kg6 32. Rxf7 Rxb3 33. Nxe5+ Kh7 34. Ng4 Nh5 35. e5 Kg6 36. e6 Rb2 37. Ne5+ Kh7 38. e7 Rb8 39. Rf8 1-0

[Event "December 5 Late 2023"]
[Site "https://www.chess.com"]
[Date "2023.12.05"]
[Round "10"]
[White "Kovalevsky, Stanislav"]
[Black "Rosen, Eric"]
[Result "0-1"]
[Board "44"]
[TimeControl "180+1"]
[WhiteFideId "13508598"]
[BlackFideId "2032562"]
[WhiteElo "2508"]
[BlackElo "2684"]
[WhiteTeam "FID"]
[BlackTeam "USA"]
[WhiteClock "0:00:00"]
[BlackClock "0:00:02"]

1. e4 e5 2. Nf3 Nf6 3. Nc3 Bc5 4. Bc4 Nc6 5. O-O d6 6. h3 h6 7. d3 g5 8. Nd5 g4 9. Nh2 g3 10. Nf3 Bxf2+ 11. Rxf2 gxf2+ 12. Kxf2 Nxd5 13. Bxd5 Ne7 14. Bb3 Ng6 15. Be3 Be6 16. Qd2 Qf6 17. Bxh6 Bxb3 18. Bg5 Qe6 19. axb3 f6 20. Be3 a6 21. Qb4 Qc8 22. Qc4 c6 23. b4 Ke7 24. d4 Qe6 25. d5 cxd5 26. exd5 Qd7 27. Qe4 Rhg8 28. Nd4 Ke8 29. Nf5 Ne7 30. Nxe7 Qxe7 31. g4 Rc8 32. c3 Rh8 33. Kg2 Qh7 34. Qxh7 Rxh7 35. Kg3 Ke7 36. b5 Ra8 37. bxa6 Rxa6 38. Rxa6 bxa6 39. h4 Rh8 40. g5 fxg5 41. Bxg5+ Kf7 42. Kg4 Rb8 43. b4 Rc8 44. Bd2 Rc4+ 45. Kg5 Re4 46. h5 Re2 47. Bc1 Rg2+ 48. Kf5 Rf2+ 49. Ke4 Rc2 50. Bg5 Rxc3 51. h6 Rc4+ 52. Kf5 Rxb4 53. Bf6 Rb1 54. h7 Rf1+ 55. Kg5 Rh1 56. h8=Q Rxh8 57. Bxh8 a5 58. Kf5 a4 59. Bf6 a3 60. Be7 Kxe7 0-1

[Event "December 5 Late 2023"]
[Site "https://www.chess.com"]
[Date "2023.12.05"]
[Round "10"]
[White "Gutierrez Olivares, Daniel"]
[Black "Goltsev, Dmitry"]
[Result "0-1"]
[Board "45"]
[TimeControl "180+1"]
[WhiteFideId "2264005"]
[BlackFideId "24176710"]
[WhiteElo "2503"]
[BlackElo "2639"]
[WhiteTeam "ESP"]
[BlackTeam "RUS"]
[WhiteClock "0:00:06"]
[BlackClock "0:00:04"]

1. Nf3 d5 2. c4 dxc4 3. Na3 Nf6 4. e3 g6 5. Nxc4 Bg7 6. d4 O-O 7. Bd2 b6 8. b4 Bb7 9. Be2 Ne4 10. Rc1 Nd7 11. O-O Ndf6 12. Nce5 Qd6 13. b5 Nd5 14. Nc6 a6 15. Bc4 Rfe8 16. a4 axb5 17. axb5 g5 18. Nfe5 f6 19. Qf3 Nxd2 20. Qxd5+ Qxd5 21. Bxd5+ e6 22. Ne7+ Rxe7 23. Bxb7 Ra2 24. Nc6 Re8 25. Rfd1 Ne4 26. Nb4 Rb2 27. Bxe4 Rxb4 28. Rxc7 f5 29. Bc6 Rf8 30. Ra1 f4 31. h3 Rb2 32. Raa7 Bf6 33. Bd7 Kf7 34. Bc8+ Kg6 35. Bxe6 fxe3 36. fxe3 Bh8 37. Bf7+ Kf6 38. Rc6+ Kf5 39. Bd5 Re2 40. Re7 g4 41. e4+ Kg5 42. hxg4 Bxd4+ 43. Kh2 Be3 44. Rce6 Bf4+ 45. Kh3 Re3+ 46. g3 Rxg3+ 47. Kh2 Rxg4+ 48. Kh1 Rh4+ 49. Kg2 Rg8 50. Kf2 Rf8 51. Ke2 Rh2+ 52. Kd3 Rc8 53. Bc6 Rd2+ 54. Kc4 Rc2+ 55. Kb3 Rd2 56. Rd7 Rxd7 57. Bxd7 Rc7 58. Bc6 h5 59. Re8 h4 60. Rg8+ Kh6 61. e5 Bxe5 62. Be4 h3 63. Rg6+ Kh5 64. Rxb6 h2 65. Re6 Bf4 66. b6 Rg7 67. b7 Kg4 68. Rf6 Rg8 69. Bd5 Rd8 70. Bc6 Rb8 71. Rg6+ Kf5 72. Rg7 Ke5 73. Re7+ Kd6 74. Rf7 Kxc6 75. Rf6+ Bd6 76. Rh6 Rxb7+ 77. Kc4 Rf7 78. Rxh2 Bxh2 79. Kd3 Bd6 80. Ke4 Rf4+ 0-1

[Event "December 5 Late 2023"]
[Site "https://www.chess.com"]
[Date "2023.12.05"]
[Round "10"]
[White "Rees, Ioan"]
[Black "Martins, Vinicius Tine"]
[Result "1-0"]
[Board "46"]
[TimeControl "180+1"]
[WhiteFideId "1801236"]
[BlackFideId "2112884"]
[WhiteElo "2500"]
[BlackElo "2633"]
[WhiteTeam "WLS"]
[BlackTeam "BRA"]
[WhiteClock "0:02:05"]
[BlackClock "0:01:22"]

1. e4 d6 2. d4 Nf6 3. Bd3 g6 4. Nf3 Bg7 5. O-O O-O 6. h3 Nbd7 7. Re1 a6 8. a4 e5 9. c3 Re8 10. Nbd2 b6 11. Nf1 Bb7 12. Ng3 b5 13. axb5 axb5 14. Rxa8 Qxa8 15. Bxb5 Re7 16. d5 Ba6 17. Bc6 Bb7 18. Bb5 Ba6 19. Qa4 Nb6 20. Qxa6 1-0

[Event "December 5 Late 2023"]
[Site "https://www.chess.com"]
[Date "2023.12.05"]
[Round "10"]
[White "Minko, Dmitry"]
[Black "Ehlvest, Jaan"]
[Result "0-1"]
[Board "47"]
[TimeControl "180+1"]
[WhiteFideId "24188468"]
[BlackFideId "4500016"]
[WhiteElo "2494"]
[BlackElo "2633"]
[WhiteTeam "FID"]
[BlackTeam "USA"]
[WhiteClock "0:00:06"]
[BlackClock "0:00:24"]

1. e4 c5 2. Nf3 Nc6 3. d4 cxd4 4. Nxd4 Qb6 5. Nb3 e6 6. Be3 Qc7 7. Nc3 a6 8. Qd2 b5 9. f3 Nf6 10. O-O-O b4 11. Na4 Rb8 12. Bf4 e5 13. Be3 d6 14. Bc4 Be7 15. g4 Be6 16. Qd3 O-O 17. h4 Rfc8 18. Bxa6 Rd8 19. Qe2 d5 20. exd5 Nxd5 21. Bc5 Nf4 22. Qf2 Bxb3 23. axb3 Nd4 24. Bxd4 exd4 25. Rxd4 Bf6 26. Rxd8+ Rxd8 27. g5 Bd4 28. Qd2 Bxb2+ 29. Nxb2 Rxd2 30. Kxd2 Qc3+ 31. Kc1 g6 32. Rd1 Qxf3 33. Bc4 Ne2+ 34. Bxe2 Qxe2 35. Nd3 Qh2 36. Nxb4 Qf4+ 37. Kb2 Qxb4 38. c4 h6 39. gxh6 Qe7 40. Rc1 Qxh4 41. c5 Qf6+ 42. Kb1 Qc6 43. b4 f5 44. Rc2 f4 45. Kc1 g5 46. Kd2 g4 47. b5 Qxb5 48. c6 Qa5+ 49. Ke2 Qc7 50. Kf2 Kh7 51. Kg2 Kxh6 52. Rc5 Kg6 53. Kf2 f3 54. Rc4 Kg5 55. Ke3 Kh4 56. Rc2 Kh3 57. Rc1 Qe5+ 58. Kd3 Qd5+ 59. Ke3 Qe6+ 60. Kf4 Qh6+ 61. Kf5 Qxc1 62. c7 Qxc7 63. Ke4 f2 64. Kf5 f1=Q+ 65. Kg6 Qcf7+ 66. Kg5 Q1f4# 0-1

[Event "December 5 Late 2023"]
[Site "https://www.chess.com"]
[Date "2023.12.05"]
[Round "10"]
[White "Kraiouchkine, Nikita"]
[Black "Golubev, Mikhail"]
[Result "0-1"]
[Board "48"]
[TimeControl "180+1"]
[WhiteFideId "2607140"]
[BlackFideId "14100983"]
[WhiteElo "2488"]
[BlackElo "2625"]
[WhiteTeam "CAN"]
[BlackTeam "UKR"]
[WhiteClock "0:00:02"]
[BlackClock "0:00:07"]

1. e4 c5 2. Nf3 Nc6 3. d4 cxd4 4. Nxd4 Nf6 5. Nc3 d6 6. Bc4 e6 7. O-O a6 8. Bb3 Qc7 9. Be3 Na5 10. f3 b5 11. Qe2 Be7 12. Rad1 O-O 13. Qf2 b4 14. Nb1 e5 15. Nf5 Nxb3 16. Nxe7+ Qxe7 17. axb3 a5 18. Bg5 h6 19. Bxf6 Qxf6 20. Rd2 Ra6 21. Rfd1 Rd8 22. Qe2 Qe7 23. Qb5 Qa7+ 24. Kh1 Rb6 25. Qd3 Be6 26. Qe3 Qb7 27. h4 Rc6 28. Kh2 Qc7 29. c4 bxc3 30. Nxc3 Bxb3 31. Ra1 Rc5 32. Qd3 Bc4 33. Qc2 Qe7 34. g3 Be6 35. Qd1 Rb8 36. Qe2 Bc4 37. Qe3 Rb3 38. Rad1 Qb7 39. Rxd6 Rxb2+ 40. R1d2 Rc8 41. Qf2 Rxd2 42. Qxd2 Kh7 43. g4 Qb4 44. Qe3 Qxd6 0-1

[Event "December 5 Late 2023"]
[Site "https://www.chess.com"]
[Date "2023.12.05"]
[Round "10"]
[White "Agibileg, Uurtsaikh"]
[Black "Uryupin, Igor"]
[Result "1-0"]
[Board "49"]
[TimeControl "180+1"]
[WhiteFideId "4901606"]
[BlackFideId "4182529"]
[WhiteElo "2619"]
[BlackElo "2482"]
[WhiteTeam "MGL"]
[BlackTeam "RUS"]
[WhiteClock "0:01:41"]
[BlackClock "0:01:22"]

1. d4 d5 2. c4 e6 3. Nc3 Nf6 4. cxd5 exd5 5. Bg5 Be7 6. e3 c6 7. Bd3 O-O 8. Nge2 h6 9. Bh4 Nbd7 10. O-O Re8 11. Qc2 Nf8 12. f3 Be6 13. Kh1 Rc8 14. Rae1 b6 15. e4 c5 16. e5 N6d7 17. Bxe7 Qxe7 18. f4 cxd4 19. Nxd4 Nc5 20. f5 Bd7 21. f6 Qd8 22. fxg7 Kxg7 23. Bf5 Nfe6 24. Bxe6 Bxe6 25. Rf6 Ne4 26. Rxe4 dxe4 27. Qd2 Qxf6 28. exf6+ Kxf6 29. Nxe4+ 1-0

[Event "December 5 Late 2023"]
[Site "https://www.chess.com"]
[Date "2023.12.05"]
[Round "10"]
[White "Mendez Fortes, Eduardo Jesus"]
[Black "Play, Gilles"]
[Result "1-0"]
[Board "50"]
[TimeControl "180+1"]
[WhiteFideId "3502376"]
[BlackFideId "45130892"]
[WhiteElo "2587"]
[BlackElo "2443"]
[WhiteTeam "CUB"]
[BlackTeam "FRA"]
[WhiteClock "0:01:00"]
[BlackClock "0:00:18"]

1. e4 e5 2. Nf3 Nc6 3. Bb5 Nf6 4. d3 Ne7 5. O-O c6 6. Ba4 Ng6 7. d4 Nxe4 8. dxe5 Bc5 9. Qe2 d5 10. exd6 f5 11. Nc3 O-O 12. Nxe4 fxe4 13. Bb3+ Kh8 14. Ng5 Bxd6 15. Qh5 h6 16. Qxg6 Bf5 17. Qh5 Qf6 18. Nf7+ Kh7 19. Nxd6 Qxd6 20. Be3 Rf6 21. Rad1 Qc7 22. Qh4 Raf8 23. Bf4 Qc8 24. Bg3 Bg4 25. f3 exf3 26. gxf3 Bxf3 27. Rde1 Bg4 28. Rxf6 Rxf6 29. Be5 Rg6 30. Bg3 Rf6 31. Be5 Rg6 32. Bf7 Rg5 33. Bf4 Rd5 34. Bxd5 cxd5 35. Qf2 1-0

[Event "December 5 Late 2023"]
[Site "https://www.chess.com"]
[Date "2023.12.05"]
[Round "10"]
[White "Iskusnyh, Sergei"]
[Black "Zhou, Qiyu"]
[Result "0-1"]
[Board "51"]
[TimeControl "180+1"]
[WhiteFideId "4120027"]
[BlackFideId "505161"]
[WhiteElo "2575"]
[BlackElo "2442"]
[WhiteTeam "RUS"]
[BlackTeam "CAN"]
[WhiteClock "0:00:00"]
[BlackClock "0:00:04"]

1. d4 Nf6 2. c4 e6 3. g3 d5 4. Bg2 Bb4+ 5. Nd2 O-O 6. Nf3 c6 7. O-O b6 8. Qc2 Ba6 9. b3 Nbd7 10. Bb2 Rc8 11. Rac1 Qe7 12. e4 dxe4 13. Nxe4 Nxe4 14. Qxe4 Nf6 15. Qh4 Ba3 16. Bxa3 Qxa3 17. Ne5 Bb7 18. Rc2 Qd6 19. c5 bxc5 20. Rxc5 Rfd8 21. Nc4 Qxd4 22. Qxd4 Rxd4 23. Na5 Ba6 24. Rfc1 Nd7 25. Rxc6 Rxc6 26. Nxc6 Rd2 27. a4 h5 28. b4 Bd3 29. Nxa7 Ne5 30. h3 Rb2 31. b5 Nc4 32. Nc6 f6 33. Bf1 Bxf1 34. Kxf1 Nd2+ 35. Kg1 e5 36. Nd8 Nf3+ 37. Kg2 e4 38. Ne6 Nd2 39. Nc5 e3 40. Kg1 exf2+ 41. Kg2 Nb3 42. Rf1 Nxc5 43. Rxf2 Rxf2+ 44. Kxf2 Nxa4 45. Ke3 Nb6 46. Kd4 Kf7 47. Kc5 Nd7+ 48. Kd6 Nb6 49. Kc7 Nc4 50. Kc6 Ke6 51. Kc5 Nd6 52. b6 Nb7+ 53. Kc6 Na5+ 54. Kb5 Nb7 55. Kc6 Nd6 56. h4 g5 57. hxg5 fxg5 58. Kc5 Nb7+ 59. Kc6 Nd6 60. Kc5 Ke5 61. Kc6 h4 62. gxh4 gxh4 63. b7 Nxb7 0-1

[Event "December 5 Late 2023"]
[Site "https://www.chess.com"]
[Date "2023.12.05"]
[Round "10"]
[White "Soderstrom, Adrian"]
[Black "Chaika, Vitalii"]
[Result "0-1"]
[Board "52"]
[TimeControl "180+1"]
[WhiteFideId "1745786"]
[BlackFideId "14111802"]
[WhiteElo "2571"]
[BlackElo "2426"]
[WhiteTeam "SWE"]
[BlackTeam "UKR"]
[WhiteClock "0:00:12"]
[BlackClock "0:00:14"]

1. Nf3 d6 2. d4 Nd7 3. g3 e5 4. dxe5 dxe5 5. Bg2 Ngf6 6. O-O Be7 7. b3 c6 8. Bb2 Qc7 9. Nbd2 O-O 10. Nc4 e4 11. Nh4 Nc5 12. Be5 Qd8 13. Ne3 Nfd7 14. Bd6 Bxd6 15. Qxd6 Qf6 16. Rad1 g6 17. b4 Na4 18. Qxf6 Nxf6 19. Rd6 Kg7 20. f3 exf3 21. Nxf3 Nc3 22. Ng5 h6 23. Rdxf6 hxg5 24. R6f2 Be6 25. Nd1 Nd5 26. a3 a5 27. e4 Nb6 28. c3 Nc4 29. Nb2 Nxa3 30. Nd3 Bc4 31. Rd1 Rfd8 32. Nb2 Rxd1+ 33. Nxd1 axb4 34. cxb4 Nb5 35. Ne3 Ra1+ 36. Bf1 Bxf1 37. Nxf1 Rb1 38. Kg2 Rxb4 39. Nd2 Nd4 40. e5 Rb2 41. g4 b5 42. Kg3 Ne6 43. Ne4 Rb3+ 44. Kg2 c5 45. Nd6 Nf4+ 46. Kg1 Nh3+ 47. Kg2 Nxf2 48. Kxf2 Rb2+ 49. Ke3 b4 50. Kd3 Rxh2 51. Kc4 Rg2 52. Kxc5 b3 53. Nc4 b2 54. Na3 Rg1 55. Kd6 b1=Q 56. Nxb1 Rxb1 57. Ke7 Re1 58. Kd6 f6 59. e6 Kf8 60. Kd7 f5 61. Kd8 Rxe6 62. Kd7 Re1 63. gxf5 gxf5 64. Kd6 f4 65. Kd5 f3 66. Kd4 f2 67. Kd3 f1=Q+ 68. Kd4 Qe2 69. Kc3 Rd1 70. Kb4 Rd8 71. Kc3 Qe7 72. Kb2 Qc7 73. Kb3 Rb8+ 74. Ka4 Qa7# 0-1

[Event "December 5 Late 2023"]
[Site "https://www.chess.com"]
[Date "2023.12.05"]
[Round "10"]
[White "aksuliini1"]
[Black "Spichkin, Alexander"]
[Result "0-1"]
[Board "53"]
[TimeControl "180+1"]
[BlackFideId "4144074"]
[WhiteElo "2563"]
[BlackElo "2414"]
[BlackTeam "RUS"]
[WhiteClock "0:00:38"]
[BlackClock "0:01:52"]

1. e4 e5 2. Nf3 d5 3. Nxe5 Bd6 4. d4 dxe4 5. Nc4 Nf6 6. Nc3 Nc6 7. Be2 Bf5 8. Nxd6+ Qxd6 9. Be3 O-O-O 10. Nb5 Qe7 11. c3 a6 12. Na3 Nd5 13. Qd2 Bg6 14. O-O-O f5 15. g3 Rhf8 16. Bg5 Nf6 17. Nc4 Bf7 18. Kb1 h6 19. Bxf6 Qxf6 20. Ne3 g5 21. f3 f4 22. Ng4 Qg6 23. fxe4 Qxe4+ 24. Bd3 Qd5 25. b3 Bh5 26. h3 fxg3 27. Rhg1 Rf2 28. Qe3 Qa5 29. Rxg3 Qxa2+ 30. Kc1 Qb2# 0-1

[Event "December 5 Late 2023"]
[Site "https://www.chess.com"]
[Date "2023.12.05"]
[Round "10"]
[White "YurasovMat-2012"]
[Black "Cervantes Landeiro, Thalia"]
[Result "0-1"]
[Board "54"]
[TimeControl "180+1"]
[BlackFideId "3520498"]
[WhiteElo "2409"]
[BlackElo "2545"]
[BlackTeam "USA"]
[WhiteClock "0:00:02"]
[BlackClock "0:00:09"]

1. e4 c5 2. Nf3 d6 3. Bb5+ Nd7 4. d4 cxd4 5. Nxd4 a6 6. Bxd7+ Bxd7 7. O-O Nf6 8. Re1 e5 9. Nf3 Be7 10. c4 O-O 11. Nc3 b5 12. cxb5 axb5 13. Bg5 b4 14. Bxf6 Bxf6 15. Nd5 Rb8 16. b3 Bg4 17. h3 Bh5 18. Rc1 Bg5 19. Rc6 f5 20. exf5 Qd7 21. Ra6 Qxf5 22. Ra7 Kh8 23. Ne3 Qg6 24. g4 Bxe3 25. Rxe3 Bxg4 26. hxg4 Qxg4+ 27. Kf1 e4 28. Qd4 Rbc8 29. Ne1 Rce8 30. Qd2 Rf6 31. Qd4 Ref8 32. Re2 Qh3+ 33. Ng2 Rg6 34. Ke1 Qxg2 35. Qxb4 Rc8 36. Qd4 Qh1+ 37. Kd2 Qc1# 0-1

[Event "December 5 Late 2023"]
[Site "https://www.chess.com"]
[Date "2023.12.05"]
[Round "10"]
[White "Korchynskyi, Mykola"]
[Black "Rian, Kapriaga"]
[Result "1-0"]
[Board "56"]
[TimeControl "180+1"]
[WhiteFideId "34138005"]
[BlackFideId "7103263"]
[WhiteElo "2535"]
[BlackElo "2355"]
[WhiteTeam "UKR"]
[BlackTeam "INA"]
[WhiteClock "0:01:39"]
[BlackClock "0:00:00"]

1. d4 Nf6 2. c4 e6 3. Nc3 d5 4. Bg5 Be7 5. cxd5 exd5 6. e3 h6 7. Bh4 c6 8. Nf3 O-O 9. Bd3 Re8 10. O-O Ne4 11. Bxe7 Qxe7 12. Qc2 Bf5 13. Nd2 Nd7 14. Rfe1 Qh4 15. Bxe4 dxe4 16. Nf1 Nf6 17. Ng3 Bg6 18. Qb3 Re7 19. Rad1 Ng4 20. h3 Nxf2 21. Kxf2 Re6 22. Ne2 Bh5 23. Kg1 Rg6 24. Nxh5 Qxh5 25. Nf4 Qg5 26. Nxg6 Qxg6 27. Qxb7 Rd8 28. Qxa7 Rd5 29. Rf1 Rg5 30. Rf2 Rg3 31. Rdf1 f6 32. Qb8+ Kh7 33. Qf4 Rxh3 34. a4 Rg3 35. a5 h5 36. a6 Rg5 37. Ra1 h4 38. Qxh4+ Rh5 39. Qf4 1-0

[Event "December 5 Late 2023"]
[Site "https://www.chess.com"]
[Date "2023.12.05"]
[Round "10"]
[White "Monteiro, Luis Felipe Furtado"]
[Black "Tikhonov, Viacheslav"]
[Result "0-1"]
[Board "57"]
[TimeControl "180+1"]
[WhiteFideId "22702806"]
[BlackFideId "44196407"]
[WhiteElo "2122"]
[BlackElo "2525"]
[WhiteTeam "BRA"]
[BlackTeam "RUS"]
[WhiteClock "0:01:18"]
[BlackClock "0:00:43"]

1. d4 Nf6 2. c4 g6 3. Nf3 Bg7 4. Nc3 d5 5. Qb3 c6 6. cxd5 cxd5 7. Bf4 O-O 8. e3 e6 9. Bxb8 Rxb8 10. Be2 Bd7 11. O-O Qa5 12. Rac1 Rfc8 13. Ne5 Be8 14. Nd3 b6 15. a3 Bf8 16. Nb4 Ne4 17. Nxe4 dxe4 18. d5 Bxb4 19. dxe6 Be7 20. exf7+ Bxf7 21. Bc4 Rxc4 22. Rxc4 Qd5 23. Rfc1 Rd8 24. Qa4 b5 25. Qxa7 Qd1+ 0-1

[Event "December 5 Late 2023"]
[Site "https://www.chess.com"]
[Date "2023.12.05"]
[Round "10"]
[White "Annaberdiyev, Meylis"]
[Black "Wieczorek, Zbigniew"]
[Result "1-0"]
[Board "58"]
[TimeControl "180+1"]
[WhiteFideId "14000563"]
[BlackFideId "1102001"]
[WhiteElo "2676"]
[BlackElo "2253"]
[WhiteTeam "TKM"]
[BlackTeam "POL"]
[WhiteClock "0:00:18"]
[BlackClock "0:00:00"]

1. e4 g6 2. d4 Bg7 3. Nf3 c6 4. Nc3 d5 5. h3 dxe4 6. Nxe4 Bf5 7. Bd3 Bxe4 8. Bxe4 Nf6 9. Bd3 Nbd7 10. O-O O-O 11. c4 e6 12. Bf4 Re8 13. Qe2 c5 14. dxc5 Nxc5 15. Rad1 Qa5 16. Bb1 Rad8 17. Bd2 Qc7 18. b4 Ncd7 19. c5 Nd5 20. a3 Nc3 21. Bxc3 Bxc3 22. Ba2 Bf6 23. Qe4 b6 24. c6 Ne5 25. b5 Nxf3+ 26. Qxf3 Bd4 27. Rd3 e5 28. Rfd1 Kg7 29. Qg3 f5 30. Rxd4 f4 31. Rd7+ Rxd7 32. Rxd7+ Kf6 33. Qh4+ 1-0